 Dungeon Crawl Stone Soup version 0.28-a0-224-g76b539d98b (webtiles) character file.

Game seed: 1631013713021042597

57 timneilson the Shield-Bearer (level 4, -3/28 HPs)
             Began as a Gargoyle Fighter on Aug 21, 2021.
             Killed by nerve-wracking pain
             ... invoked by an orc priest
              (7 damage)
             ... on level 3 of the Dungeon.
             The game lasted 00:04:29 (1994 turns).

timneilson the Shield-Bearer (Gargoyle Fighter)     Turns: 1994, Time: 00:04:29

Health: -3/28      AC: 14    Str: 26    XL:     4   Next: 0%
Magic:  4/4        EV: 10    Int:  9    God:
Gold:   66         SH:  9    Dex:  9    Spells: 3/3 levels left

rFire   . . .      SeeInvis .   a - +0 long sword
rCold   . . .      Faith    .   c - +1 kite shield
rNeg    + . .      Spirit   .   k - +0 chain mail
rPois   ∞          Reflect  .   (no helmet)
rElec   +          Harm     .   f - +0 cloak
rCorr   .          Rampage  .   (no gloves)
Will    .....                   (no boots)
Stlth   ..........              (no amulet)
HPRegen 0.09/turn               e - +6 ring of strength
MPRegen 0.09/turn               g - +4 ring of evasion

@: no status effects
A: sickness immunity, AC +3, negative energy resistance 1, electricity
resistance, torment resistance 1, petrification resistance
a: no special abilities


You were on level 3 of the Dungeon.
You visited 1 branch of the dungeon, and saw 3 of its levels.

You collected 66 gold pieces.

Inventory:

Hand Weapons
 a - a +0 long sword (weapon)
Armour
 c - a +1 kite shield (worn)
 f - a +0 cloak (worn)
 k - a +0 chain mail (worn)
Jewellery
 e - a +6 ring of strength (left hand)
 g - a +4 ring of evasion (right hand)
 m - a ring of protection from fire
Scrolls
 i - 2 scrolls of teleportation
Potions
 d - a potion of might
 h - 3 potions of curing {unknown}
 j - a potion of invisibility {unknown}


   Skills:
 + Level 3.6 Fighting
 * Level 2.5 Long Blades
 * Level 3.8 Armour
 * Level 3.9 Shields


You had 3 spell levels left.
You didn't know any spells.
Your spell library was empty.

Dungeon Overview and Level Annotations

Branches:
Dungeon (3/15)

Altars:

Shops:
D:1 [*=


Innate Abilities, Weirdness & Mutations

You are immune to sickness and miasma.
Your stone body is resilient. (AC +3)
You are immune to poison.
You resist negative energy. (rN+)
You are resistant to electric shocks. (rElec)
You are resistant to unholy torment.
You are immune to petrification.


Message History

The orc is moderately wounded.
You hit the orc but do no damage.
The orc is moderately wounded.
You block the orc's attack. The orc closely misses you.
You riposte.
You hit the orc.
The orc is severely wounded.
You hit the orc.
You kill the orc!
You have reached level 4!
You feel clever.
Things that are here:
a +0 short sword; a +0 chain mail
Things that are here:
a +0 flail; an orc corpse
Things that are here:
a +0 short sword; a +0 chain mail
k - a +0 chain mail You start removing your armour.
You continue taking off your +0 scale mail. x4
You finish taking off your +0 scale mail.
You start putting on your armour.
You continue putting on your +0 chain mail. x5
You finish putting on your +0 chain mail.
Drop what? 12/52 slots (_ for help) (? for menu, Esc to quit)
You drop a +0 scale mail.
There is a stone staircase leading down here.
You start resting.
HP restored.
You climb downwards.
The orc priest mumbles some strange prayers to Beogh against you.
Beogh smites you!
There is a stone staircase leading up here.
Things that are here:
a +0 ring mail; a +0 hand axe; an orc corpse The orc priest calls down the wrath of Beogh upon you.
Beogh smites you!
* * * LOW HITPOINT WARNING * * *
The orc priest calls down the wrath of Beogh upon you.
Pain shoots through your body!
You die...

###
#..
#.#
#.#
#<#
#@#
#.#
#.#
#.#
#o#
#.#
..#
###


You could see an orc priest.

Vanquished Creatures
  2 adders (D:2)
  2 dart slugs (D:1)
  3 orcs
  2 ball pythons
  4 bats
  An endoplasm (D:1)
  2 giant cockroaches (D:1)
  A goblin (D:2)
  2 jackals (D:1)
  3 quokkas
  6 kobolds
  4 rats
32 creatures vanquished.

Notes
Turn   | Place    | Note
-------+----------+-------------------------------------------
     0 | D:1      | timneilson the Gargoyle Fighter began the quest for the
                  | Orb.
     0 | D:1      | Reached XP level 1. HP: 14/14 MP: 1/1
   132 | D:1      | Reached XP level 2. HP: 19/19 MP: 2/2
   210 | D:1      | Found Anlokh's Assorted Antiques.
   237 | D:1      | Found Jeresch's Jewellery Emporium.
   306 | D:1      | Found a faded altar of an unknown god.
   578 | D:1      | Reached XP level 3. HP: 23/23 MP: 3/3
   691 | D:1      | Found Woamid's Antique Armour Boutique.
  1866 | D:2      | Reached XP level 4. HP: 16/28 MP: 4/4
  1994 | D:3      | Killed from afar by an orc priest

Illustrated notes

Levels and vault maps discovered:
D:1:      wander_arrival_desolate, layout_basic, serial_shops, shop,
          nicolae_diamond_shop, shop, ebering_ecumenical_altar_rust,
          st_stairs_14, chequers_mini_garden
D:2:      layout_loops_cross, serial_co_window_serial, co_window_corner_a,
          co_window_corner_a, co_window_paths_b, co_window_corner_a,
          co_window_paths_a, co_window_of_opportunity_a,
          co_window_of_opportunity_a, co_window_corner_a, co_window_paths_a,
          co_window_unsneaky_path_c, co_window_2corner, co_window_broadway_a,
          co_window_2corner, co_window_paths_e, glass_columns_c,
          glass_columns_a, glass_columns_a, glass_columns_b, glass_columns_c,
          kennysheep_generic_room_6
D:3:      minmay_roachtagon, layout_loops_ring, wad_rectangle_vault,
          uniq_natasha, uniq_sigmund

Skill      XL: |  1 |
---------------+----+-----
Long Blades    | 2 |  2.5
Fighting       | |  3.6
Armour         | |  3.8
Shields        | |  3.9

Action                   |  1- 3 |  4- 6 || total
-------------------------+-------+-------++-------
Melee: Long sword        |   101 |       ||   101
  Use: Scroll            |     6 |       ||     6
Armor: Scale mail        |    56 |       ||    56
Dodge: Dodged            |    75 |       ||    75
Block: Kite shield       |    51 |       ||    51
       Rpst.: Long sword |    21 |       ||    21

Table legend: (Time is in decaauts)
 A = Elapsed time spent in this place.
 B = Non-inter-level travel time spent in this place.
 C = Inter-level travel time spent in this place.
 D = Time resting spent in this place.
 E = Time spent auto-exploring this place.
 F = Levels seen in this place.
 G = Mean time per level.
                   A        B        C        D        E       F      G
               +--------+--------+--------+--------+--------+-----+--------+
         Total |   2047 |   1987 |     60 |    108 |   1532 |   3 |  682.3 |
       Dungeon |   2047 |   1987 |     60 |    108 |   1532 |   3 |  682.3 |
               +--------+--------+--------+--------+--------+-----+--------+

Top non-repeatable levels by time:
     D:2: 1141 daAuts
     D:1: 884 daAuts
     D:3: 20 daAuts
